 Dungeon Crawl Stone Soup version 0.19.0-2-gae57169 (webtiles) character file.

5189 Gingerlord the Skirmisher (level 10, -16/64 HPs)
             Began as a Gargoyle Gladiator on Nov 5, 2016.
             Was a Believer of the Shining One.
             Killed by the air
             ... invoked by Gastronok
              (19 damage)
             ... on level 10 of the Dungeon.
             The game lasted 00:23:31 (9119 turns).

Gingerlord the Skirmisher (Gargoyle Gladiator)      Turns: 9119, Time: 00:23:31

Health: -16/64     AC: 29    Str: 23    XL:     10   Next: 60%
Magic:  10/10      EV:  9    Int: 12    God:    the Shining One [**....]
Gold:   431        SH: 17    Dex: 12    Spells: 0 memorised, 9 levels left

rFire  . . .     SeeInvis .     K - +1 whip (flame)
rCold  . . .     Gourm    .     H - +0 chain mail "Dej Cevo" {Str+4}
rNeg   + + .     Faith    .     p - +0 shield
rPois  ∞         Spirit   .     a - +0 helmet
rElec  +         Reflect  +     E - +1 cloak
rCorr  .         Harm     .     A - +2 pair of gloves
MR     .....                    n - +2 pair of boots
Stlth  ..........               s - +6 amulet of reflection
                                v - +2 ring of intelligence
                                i - +1 ring of protection

@: very slightly contaminated, slowed, glowing, very slow
A: negative energy resistance 1, electricity resistance, unbreathing,
petrification resistance, rot immunity, AC +7
a: Divine Shield, Renounce Religion


You were on level 10 of the Dungeon.
You worshipped the Shining One.
The Shining One was pleased with you.
You were hungry.

You visited 2 branches of the dungeon, and saw 11 of its levels.

You collected 431 gold pieces.

Inventory:

Hand Weapons
 I - a +3 flail
 K - a +1 whip of flaming (weapon)
Missiles
 d - 5 throwing nets (quivered)
Armour
 a - a +0 helmet (worn)
 n - a +2 pair of boots (worn)
 p - a +0 shield (worn)
 A - a +2 pair of gloves (worn)
 E - a +1 cloak (worn)
 H - the +0 chain mail "Dej Cevo" (worn) {Str+4}
   (You found it on level 6 of the Dungeon)

   It affects your strength (+4).
Jewellery
 i - a +1 ring of protection (left hand)
 s - a +6 amulet of reflection (around neck)
 v - a +2 ring of intelligence (right hand)
 y - an uncursed amulet of magic regeneration {unknown}
Wands
 x - a wand of disintegration (11/24)
Scrolls
 b - 2 scrolls of fog {unknown}
 e - 2 scrolls of recharging
 g - 4 scrolls of remove curse
 o - a scroll of teleportation
 r - a scroll of noise {unknown}
 u - 3 scrolls of fear {unknown}
 w - a scroll of blinking
 D - a scroll of vulnerability {unknown}
 J - 2 scrolls of enchant armour {unknown}
 M - a scroll of enchant weapon {unknown}
Potions
 c - a potion of mutation
 h - a potion of berserk rage
 j - a potion of heal wounds
 k - 2 potions of curing
 l - a potion of lignification
 m - a potion of invisibility
 q - a potion of resistance {unknown}
 t - a potion of brilliance
 B - a potion of flight
 F - 2 potions of agility
 L - a potion of haste
Comestibles
 f - 10 bread rations
 z - 2 meat rations
 C - 4 fruits
 G - 7 beef jerkies


   Skills:
 + Level 7.9 Fighting
 + Level 7.5 Maces & Flails
 - Level 1.7 Throwing
 + Level 7.4 Armour
 + Level 6.2 Dodging
 + Level 7.4 Shields


You had 9 spell levels left.
You didn't know any spells.

Dungeon Overview and Level Annotations

Branches:
Dungeon (10/15)            Temple (1/1) D:7            Lair (0/6) D:8
    Orc (0/2) D:9

Altars:
Ashenzari
Cheibriados
Dithmenos
Elyvilon
Fedhas
Gozag
Hepliaklqana
Kikubaaqudgha
Makhleb
Nemelex Xobeh
Okawaru
Qazlal
Ru
Sif Muna
Trog
Uskayaw
Vehumet
Xom
Yredelemnul
Zin
The Shining One
Beogh

Shops:
D:5 *   D:6 }

Annotations:
D:6 jalala's ghost, novice DrTm
D:8 2 exclusions
D:9 exclusion: obsidian statue
D:10 Gastronok


Innate Abilities, Weirdness & Mutations

You are resistant to torment.
Your stone body is resilient. (AC +7)
You are immune to poison.
You resist negative energy. (rN+)
You are resistant to electric shocks. (rElec)
You can survive without breathing.
You are immune to petrification.
You are immune to rotting.


Message History

You block the very large slime creature's attack.
The orc hits you but does no damage.
Found 39 gold pieces.
A jelly comes into view.
The jelly quivers.
The very large slime creature hits you!!
* * * LOW HITPOINT WARNING * * *
Found 21 gold pieces.
There is an open door here.
Unknown command.
Okay, then.
Blink to where?
Press: ? - help, Dir - move target cursor You are very lightly contaminated with residual magic.
As you read the scroll of blinking, it crumbles to dust.
Gastronok mumbles some strange words.
Gastronok puts on a burst of speed!
Gastronok waves his eye-stalks in wide circles.
The air twists around and strikes you!
You die...

###+### #J## #......
#####J# +......
#...$.$....# #......###
#..........# #......(.#
#..........# #......#.#
#...w......#
#.....@#(####...J......#
#...w..#(..(#...$...$..#
###########@'..........#
###....... #######


You could see Gastronok and a jelly.

Vanquished Creatures
  Pikel (D:7)
  Joseph (D:10)
  Grinder (D:6)
  A hippogriff (D:6)
  Sigmund (D:2)
  Eustachio (D:6)
  Menkaure (D:7)
  4 orc warriors
  A black bear (D:6)
  An ice beast (D:8)
  A slave (D:7)
  3 sky beasts
  A necrophage (D:8)
  4 ogres
  A centaur (D:6)
  2 bullfrogs (D:9)
  3 scorpions
  5 killer bees (D:8)
  5 wights (D:8)
  2 bullfrog zombies
  6 crimson imps
  A centaur zombie (D:9)
  2 quasits
  A hound (D:9)
  A jelly (D:6)
  An orc priest (D:9)
  2 centaur skeletons (D:9)
  2 bullfrog skeletons
  2 iguanas
  Terence (D:3)
  15 orc wizards
  3 worker ants
  A hound zombie (D:7)
  2 hound skeletons
  Robin (D:2)
  6 gnolls
  12 adders
  2 river rats (D:8)
  A shadow imp (D:5)
  An adder skeleton (D:5)
  An adder zombie (D:7)
  3 worms
  2 leopard geckos
  53 orcs
  12 bats
  4 giant cockroaches
  13 goblins
  11 hobgoblins
  22 jackals
  3 quokkas
  2 ball pythons
  2 ball python skeletons (D:4)
  3 frilled lizards
  A jackal skeleton (D:5)
  2 jackal zombies
  8 kobolds
  A quokka skeleton (D:4)
  A quokka zombie (D:5)
  22 rats
269 creatures vanquished.

Vanquished Creatures (others)
  A slave (D:7)
  A big kobold (D:7)
  An orc (D:7)
  4 kobolds
  A fungus (D:8)
8 creatures vanquished.

Grand Total: 277 creatures vanquished

Notes
Turn   | Place    | Note
-------+----------+-------------------------------------------
     0 | D:1      | Gingerlord the Gargoyle Gladiator began the quest for the Orb.
     0 | D:1      | Reached XP level 1. HP: 12/12 MP: 1/1
   232 | D:1      | Reached XP level 2. HP: 16/17 MP: 2/2
   603 | D:1      | Reached XP level 3. HP: 22/22 MP: 3/3
   867 | D:2      | Reached skill level 1 in Armour
   950 | D:2      | Noticed Robin
   983 | D:2      | Killed Robin
   983 | D:2      | Reached XP level 4. HP: 10/27 MP: 4/4
  1713 | D:2      | Noticed Sigmund
  1730 | D:2      | Killed Sigmund
  1730 | D:2      | Reached XP level 5. HP: 32/32 MP: 5/5
  1730 | D:2      | Reached XP level 6. HP: 37/37 MP: 6/6
  2247 | D:3      | Found an opulent altar of Gozag.
  2437 | D:3      | Noticed Terence
  2453 | D:3      | Killed Terence
  3082 | D:4      | Reached XP level 7. HP: 43/43 MP: 7/7
  3490 | D:4      | Found a sacrificial altar of Ru.
  3490 | D:4      | Found a snail-covered altar of Cheibriados.
  3492 | D:4      | Found a white marble altar of Elyvilon.
  3896 | D:5      | Entered Level 5 of the Dungeon
  3946 | D:5      | Found a sacrificial altar of Ru.
  4156 | D:5      | Reached skill level 5 in Maces & Flails
  4309 | D:5      | Reached XP level 8. HP: 48/48 MP: 8/8
  4729 | D:5      | Found Kubishai's Assorted Antiques.
  5129 | D:6      | Noticed a hippogriff
  5148 | D:6      | Killed a hippogriff
  5148 | D:6      | Reached skill level 5 in Fighting
  5512 | D:6      | Noticed jalala's ghost (novice DrTm)
  5579 | D:6      | Got an ichor-stained chain mail
  5590 | D:6      | Identified the cursed +0 chain mail "Dej Cevo" {Str+4} (You found it on level 6 of the Dungeon)
  5647 | D:6      | Reached skill level 5 in Shields
  5729 | D:6      | Noticed Grinder
  5732 | D:6      | Paralysed by Grinder for 5 turns
  5740 | D:6      | Paralysed by Grinder for 7 turns
  5757 | D:6      | Paralysed by Grinder for 2 turns
  5765 | D:6      | Paralysed by Grinder for 7 turns
  5774 | D:6      | Paralysed by Grinder for 2 turns
  5777 | D:6      | Killed Grinder
  5777 | D:6      | Reached skill level 5 in Armour
  5777 | D:6      | Reached XP level 9. HP: 39/55 MP: 9/9
  5895 | D:6      | Noticed Eustachio
  5918 | D:6      | Killed Eustachio
  5961 | D:6      | Found Tewacar's Gadget Boutique.
  6054 | D:6      | Found a burning altar of Makhleb.
  6055 | D:6      | Found a shimmering altar of Xom.
  6276 | D:7      | Reached skill level 5 in Dodging
  6440 | D:7      | Noticed Pikel
  6464 | D:7      | Killed Pikel
  6618 | D:7      | Noticed Menkaure
  6627 | D:7      | Killed Menkaure
  6701 | D:7      | Found a staircase to the Ecumenical Temple.
  6710 | Temple   | Entered the Ecumenical Temple
  6757 | Temple   | Became a worshipper of the Shining One
  7364 | D:8      | Found a staircase to the Lair.
  7412 | D:8      | Reached XP level 10. HP: 46/63 MP: 10/10
  7973 | D:8      | Reached * piety under the Shining One
  8107 | D:8      | Found an ancient bone altar of Kikubaaqudgha.
  8201 | D:9      | Noticed an obsidian statue
  8545 | D:9      | Found a roughly hewn altar of Beogh.
  8545 | D:9      | Found a staircase to the Orcish Mines.
  8683 | D:9      | Found a radiant altar of Vehumet.
  8692 | D:9      | Found an ancient bone altar of Kikubaaqudgha.
  8719 | D:9      | Found a deep blue altar of Sif Muna.
  8944 | D:9      | Reached ** piety under the Shining One
  9045 | D:9      | Noticed an orange demon
  9052 | D:10     | Entered Level 10 of the Dungeon
  9058 | D:10     | Noticed Joseph
  9058 | D:10     | Noticed Gastronok
  9091 | D:10     | Killed Joseph
  9117 | D:10     | HP: 3/64 [very large slime creature (28)]
  9119 | D:10     | Killed from afar by Gastronok

Skill      XL: |  1  2  3  4  5  6  7  8  9 10 |
---------------+-------------------------------+-----
Armour         | 1 2 3 5 6 7 |  7.4
Dodging        | 3 4 5 6 |  6.2
Fighting       | 3 4 5 7 |  7.9
Maces & Flails | 4 5 6 7 |  7.5
Shields        | 2 3 5 6 7 |  7.4
Throwing       | |  1.7

Action                   |  1- 3 |  4- 6 |  7- 9 | 10-12 || total
-------------------------+-------+-------+-------+-------++-------
Melee: Flail             |   130 |   269 |   576 |       ||   975
       Whip              |       |       |   177 |   405 ||   582
  Use: Scroll            |     3 |       |     7 |     9 ||    19
       Potion            |       |     1 |       |       ||     1
  Eat: Chunk             |       |     6 |    14 |     4 ||    24
       Beef jerky        |       |     1 |       |     1 ||     2
       Pizza             |       |       |     1 |       ||     1
Armor: Leather armour    |    24 |       |       |       ||    24
       Ring mail         |    53 |    89 |       |       ||   142
       Chain mail        |       |    38 |   383 |   102 ||   523
Dodge: Dodged            |    81 |    90 |   148 |    55 ||   374
Block: Shield            |    12 |   180 |   547 |   248 ||   987
       Reflection        |       |       |    10 |     6 ||    16
